Map: Jagannatha LE

Players

Denver - Winner!

  • Race: Zerg Zerg
  • League: Grandmaster
  • Spawn Location: 7:00

ShaDoWn

  • Race: Protoss Protoss
  • League: Master
  • Spawn Location: 1:00

Event: DreamHack SC2 Masters 2020 Winter

VOD

Have the link to the VOD?

Description

Time

  • Played on: Oct. 28, 2020, 1:30 p.m.
  • Length: 14:01

All games in this series

Show
View Real Time Build Order
Export as new Build Order

Denver Zerg - Winner!

Build Orders: Hatch First 

Get SALT Encoding   

  12  0:00  Drone  
  13  0:12  Overlord  
  13  0:17  Drone  
  14  0:31  Drone x2  
  16  0:51  Hatchery  
  16  0:53  Drone  
  16  0:56  Drone  
  17  0:59  Drone  
  18  1:11  Extractor  
  17  1:15  Spawning Pool  
  17  1:18  Drone  
  17  1:21  Drone  
  18  1:28  Drone  
  19  1:38  Drone  
  20  1:49  Overlord  
  20  2:01  Queen  
  20  2:03  Queen  
  20  2:04  Zergling x4  
  26  2:12  Drone, Metabolic Boost  
  27  2:16  Drone  
  29  2:22  Drone  
  29  2:26  Drone  
  30  2:38  Hatchery  
  30  2:39  Drone  
  30  2:43  Drone  
  31  2:44  Drone  
  31  2:50  Overlord  
  32  2:54  Drone  
  33  2:59  Queen  
  35  3:06  Drone, Spore Crawler  
  35  3:08  Drone  
  38  3:12  Zergling x2  
  38  3:13  Zergling x4  
  38  3:17  Drone  
  41  3:21  Overlord  
  41  3:24  Drone  
  41  3:26  Spore Crawler  
  41  3:29  Spore Crawler  
  40  3:35  Overlord  
  40  3:37  Drone  
  41  3:42  Drone  
  41  3:43  Drone  
  43  3:50  Drone x3  
  43  3:51  Drone  
  43  3:53  Drone  
  48  3:57  Spore Crawler  
  48  4:00  Drone  
  46  4:03  Drone x2  
  46  4:06  Drone  
  49  4:12  Overlord  
  49  4:13  Queen  
  49  4:14  Drone x2  
  53  4:20  Roach Warren  
  52  4:26  Drone x4  
  54  4:32  Zergling x8  
  54  4:36  Lair  
  57  4:40  Drone  
  57  4:41  Drone x2  
  57  4:42  Overlord  
  59  4:48  Overlord  
  59  4:54  Extractor  
  59  4:56  Extractor  
  59  4:57  Drone x3  
  59  4:58  Drone  
  59  4:59  Drone x2  
  63  5:00  Overlord  
  63  5:10  Drone x6  
  68  5:16  Evolution Chamber  
  67  5:22  Drone x4  
  67  5:25  Drone x5  
  76  5:35  Hatchery, Overseer  
  75  5:38  Drone x3  
  75  5:41  Extractor  
  75  5:42  Extractor  
  76  5:45  Glial Reconstitution  
  76  5:47  Zerg Melee Weapons Level 1  
  76  5:48  Drone x3  
  77  5:51  Drone x2  
  77  5:52  Drone  
  77  5:53  Drone  
  81  5:59  Drone x2  
  81  6:01  Extractor  
  81  6:02  Drone  
  81  6:03  Drone x5  
  88  6:17  Hatchery, Overlord  
  88  6:18  Overlord  
  86  6:29  Roach  
  86  6:31  Baneling Nest, Overlord x2  
  87  6:33  Hatchery  
  87  6:36  Overlord  
  87  6:37  Roach x8  
  87  6:38  Roach  
  104  6:43  Overlord x2  
  104  6:50  Overlord  
  104  6:52  Roach x2  
  105  6:58  Roach x3  
  111  7:03  Roach x3  
  117  7:12  Roach x2  
  117  7:15  Centrifical Hooks  
  121  7:16  Ravager x3  
  121  7:17  Roach x4  
  121  7:20  Pneumatized Carapace  
  132  7:24  Roach x2  
  132  7:29  Roach x4  
  141  7:33  Roach  
  141  7:34  Overseer  
  143  7:38  Roach  
  143  7:39  Roach x5  
  143  7:40  Ravager x3  
  143  7:43  Drone  
  159  7:46  Overlord x2  
  159  7:50  Drone x5, Spore Crawler  
  163  7:57  Zerg Melee Weapons Level 2  
  163  8:00  Drone  
  163  8:01  Drone x2  
  163  8:02  Overlord  
  163  8:03  Evolution Chamber, Overlord  
  165  8:05  Infestation Pit  
  165  8:09  Ravager  
  165  8:10  Ravager x2  
  167  8:17  Zergling x8  
  167  8:18  Zergling x14  
  175  8:27  Ravager x2  
  175  8:31  Drone x11  
  175  8:32  Overlord  
  187  8:37  Baneling x5  
  187  8:38  Baneling x7  
  187  8:47  Zergling x18  
  188  8:53  Spire  
  185  9:03  Baneling x10  
  185  9:07  Drone x3, Extractor  
  185  9:08  Drone x3, Extractor  
  189  9:17  Zergling x2  
  189  9:18  Zergling x18  
  199  9:24  Hive  
  199  9:25  Zerg Missile Weapons Level 1  
  199  9:29  Baneling x3  
  184  9:52  Zergling x2  
  184  9:53  Zergling x32  
  180  10:12  Corruptor  
  180  10:13  Corruptor x9  
  186  10:20  Baneling x7  
  184  10:24  Zergling x14  
  184  10:25  Zergling x20  
  184  10:26  Overlord x2  
  195  10:30  Overlord  
  195  10:31  Zerg Flyer Weapons Level 1  
  195  10:33  Baneling  
  195  10:34  Baneling x7  
  195  10:36  Overlord x2  
  195  10:44  Baneling x9  
  195  10:47  Overlord  
  195  10:49  Hatchery  
  194  10:50  Zergling x10  
  198  11:02  Zergling x30  
  186  11:06  Corruptor x4  
  186  11:13  Baneling x9  
  186  11:19  Zergling x2  
  186  11:20  Zergling x12  
  193  11:39  Zergling x22  
  161  11:48  Roach x8  
  173  11:54  Baneling x11  
  173  11:56  Zergling x2  
  173  11:57  Zergling x14  
  173  12:01  Baneling x8  
  181  12:02  Roach x3  
  181  12:07  Baneling  
  181  12:08  Baneling x8  
  187  12:10  Zergling x2  
  187  12:11  Zergling x18  
  197  12:23  Zergling x6  
  188  12:32  Zergling x26  
  188  12:36  Corruptor x3  
  195  12:46  Corruptor x2  
  196  13:05  Corruptor x4  
  191  13:14  Baneling x7  
  191  13:19  Spore Crawler x2  
  189  13:23  Spore Crawler  
  189  13:25  Spore Crawler  
  181  13:32  Zergling x44, Roach  
  181  13:33  Roach  
  182  13:42  Zergling x24  
Show
View Real Time Build Order
Export as new Build Order

ShaDoWn Protoss 

Build Orders: 1 Gate Expand, Oracle Opening, Zealot Archon 

Get SALT Encoding   

  12  0:00  Probe  
  13  0:12  Probe  
  14  0:20  Pylon  
  14  0:24  Probe  
  15  0:38  Probe (Chrono Boost)  
  15  0:40  Gateway  
  16  0:47  Probe (Chrono Boost)  
  16  0:49  Assimilator  
  17  0:52  Probe (Chrono Boost)  
  18  1:04  Probe  
  19  1:16  Probe  
  20  1:27  Nexus  
  20  1:38  Cybernetics Core  
  20  1:40  Probe  
  20  1:46  Assimilator  
  21  1:52  Probe  
  22  1:56  Pylon  
  22  2:05  Probe  
  23  2:11  Adept (Chrono Boost)  
  25  2:17  Probe  
  25  2:19  Stargate  
  26  2:28  Warp Gate  
  26  2:29  Probe (Chrono Boost)  
  27  2:31  Adept (Chrono Boost)  
  29  2:39  Probe (Chrono Boost)  
  31  2:47  Probe (Chrono Boost)  
  31  2:49  Probe (Chrono Boost)  
  32  2:54  Stalker, Probe x2 (Chrono Boost)  
  36  3:05  Probe  
  37  3:06  Probe  
  37  3:08  Oracle (Chrono Boost)  
  41  3:17  Probe  
  41  3:19  Probe  
  43  3:20  Pylon  
  43  3:29  Probe  
  43  3:31  Probe  
  45  3:34  Gateway  
  45  3:36  Oracle (Chrono Boost)  
  48  3:41  Probe  
  48  3:43  Probe  
  50  3:53  Probe  
  50  3:54  Pylon  
  51  3:55  Probe  
  52  4:02  Nexus  
  52  4:06  Pylon, Probe  
  52  4:08  Probe  
  52  4:09  Oracle (Chrono Boost)  
  57  4:18  Probe  
  57  4:21  Assimilator, Probe  
  57  4:22  Assimilator  
  59  4:27  Shield Battery  
  59  4:30  Probe  
  60  4:33  Probe  
  60  4:36  Robotics Facility  
  60  4:42  Probe  
  60  4:43  Forge  
  61  4:45  Probe  
  62  4:54  Probe  
  62  4:58  Assimilator, Probe  
  64  5:00  Assimilator  
  64  5:03  Pylon  
  64  5:06  Probe  
  65  5:07  Sentry x2  
  65  5:10  Twilight Council, Probe  
  70  5:14  Probe  
  70  5:17  Pylon  
  70  5:19  Probe (Chrono Boost)  
  72  5:22  Probe (Chrono Boost)  
  72  5:26  Probe (Chrono Boost)  
  72  5:27  Observer  
  75  5:31  Protoss Ground Weapons Level 1  
  75  5:34  Gateway x2, Probe (Chrono Boost)  
  77  5:36  Probe (Chrono Boost)  
  77  5:38  Probe (Chrono Boost)  
  77  5:39  Gateway  
  77  5:40  Probe (Chrono Boost)  
  80  5:43  Probe x2 (Chrono Boost)  
  80  5:48  Probe  
  82  5:52  Charge, Templar Archives  
  82  5:55  Probe (Chrono Boost)  
  84  5:57  Probe (Chrono Boost)  
  84  6:00  Probe (Chrono Boost)  
  85  6:07  Probe (Chrono Boost)  
  85  6:09  Gateway  
  85  6:10  Probe (Chrono Boost)  
  85  6:11  Gateway, Probe (Chrono Boost)  
  88  6:12  Gateway  
  88  6:19  Probe  
  89  6:27  Gateway  
  89  6:29  Gateway  
  89  6:30  Pylon  
  89  6:31  High Templar x2, Gateway  
  89  6:32  Pylon  
  93  6:34  Gateway  
  93  6:36  Archon  
  93  6:39  Pylon  
  93  6:47  Pylon  
  93  6:53  High Templar  
  93  6:54  High Templar  
  97  6:56  Zealot  
  97  6:58  Immortal  
  97  6:59  Archon  
  97  7:00  Phoenix  
  104  7:05  Photon Cannon  
  104  7:07  Pylon  
  105  7:08  Probe  
  105  7:14  Photon Cannon  
  105  7:15  Photon Cannon  
  105  7:17  High Templar  
  105  7:18  High Templar, Zealot  
  105  7:19  Nexus  
  105  7:20  Pylon, Probe  
  112  7:25  Phoenix  
  112  7:29  Probe  
  115  7:32  Psionic Storm  
  115  7:35  Probe  
  115  7:36  Probe  
  117  7:38  High Templar  
  117  7:39  High Templar, Zealot x3  
  127  7:45  Probe  
  127  7:47  Assimilator, Probe  
  127  7:51  Shield Battery  
  131  7:53  Photon Cannon  
  131  7:57  High Templar  
  131  7:58  High Templar, Zealot x3  
  139  8:06  Archon  
  139  8:21  Probe  
  139  8:24  Assimilator  
  139  8:26  Fleet Beacon  
  140  8:28  Pylon, Immortal (Chrono Boost)  
  140  8:31  Pylon  
  144  8:35  Pylon  
  144  8:36  Photon Cannon  
  144  8:37  Zealot x3  
  144  8:38  Photon Cannon, Protoss Air Weapons Level 1 (Chrono Boost)  
  140  8:50  Zealot x3  
  140  8:51  Zealot x4  
  140  8:54  Pylon  
  154  9:02  Warp Prism (Chrono Boost)  
  156  9:07  Protoss Ground Weapons Level 2 (Chrono Boost)  
  156  9:12  Carrier (Chrono Boost)  
  156  9:15  Photon Cannon  
  162  9:18  Photon Cannon  
  162  9:20  Stargate  
  162  9:21  Stargate  
  162  9:24  High Templar  
  162  9:25  High Templar  
  162  9:31  High Templar x2, Zealot x2  
  170  9:35  Archon  
  166  9:46  Zealot x2  
  150  9:53  Zealot x6  
  156  10:01  Probe x4  
  140  10:10  Carrier (Chrono Boost)  
  140  10:13  Probe x3  
  141  10:18  Zealot x4  
  143  10:24  Probe  
  143  10:25  Probe x2  
  145  10:37  Probe  
  145  10:38  High Templar x2  
  145  10:41  High Templar  
  145  10:42  High Templar, Archon  
  155  10:44  Carrier (Chrono Boost)  
  155  10:45  Archon  
  159  10:58  Carrier (Chrono Boost)  
  133  11:05  Probe x2  
  133  11:06  Carrier (Chrono Boost)  
  133  11:09  Probe x2  
  137  11:17  Probe x2  
  139  11:19  High Templar x2  
  139  11:21  Probe x2  
  145  11:29  Probe  
  146  11:34  Void Ray (Chrono Boost)  
  146  11:37  Archon x2  
  127  11:45  Zealot x5  
  117  11:50  Void Ray (Chrono Boost)  
  117  11:51  High Templar x2  
  117  11:55  Probe x3 (Chrono Boost)  
  117  11:56  Probe (Chrono Boost)  
  125  12:06  Probe x4 (Chrono Boost)  
  129  12:10  Probe (Chrono Boost)  
  129  12:14  High Templar x2, Zealot  
  129  12:15  Zealot  
  138  12:18  Archon  
  138  12:33  Void Ray x2  
  132  12:52  High Templar x2  
  132  12:53  Zealot x4  
  143  12:59  Archon  
  139  13:06  Zealot  
  141  13:13  Pylon  
  141  13:25  Zealot x3  
  121  13:32  Archon  
  98  13:37  Zealot x5  
  100  13:45  Probe  
  73  13:49  Probe  
  73  13:50  Zealot x3  
Tags
 
Add a new tag
Caveats
  • Supply blocks, unpowered buildings, or Contaminate may cause inaccurate times.
  • Supply counts are checked every 10 seconds.